 Dungeon Crawl Stone Soup version 0.29-a0-416-g83a48905f1 (webtiles) character file.

Game seed: 6509824254300896205

89348 iguanaiguana the Covert (level 15, -6/79 HPs)
             Began as a Vine Stalker Brigand on May 13, 2022.
             Was the Champion of Wu Jian.
             Mangled by a centaur warrior simulacrum (16 damage)
             ... on level 14 of the Dungeon on May 16, 2022.
             The game lasted 02:54:06 (26623 turns).

iguanaiguana the Covert (Vine Stalker Brigand)     Turns: 26623, Time: 02:54:07

Health: -6/79      AC: 17    Str: 15    XL:     15   Next: 97%
Magic:  0/29       EV: 16    Int: 19    God:    Wu Jian [******]
Gold:   1407       SH:  5    Dex: 20    Spells: 6/33 levels left

rFire   . . .      SeeInvis +   a - +8 quick blade (elec)
rCold   . . .      Faith    .   D - +0 buckler
rNeg    . . .      Spirit   +   g - +3 steam dragon scales
rPois   +          Reflect  .   W - +2 helmet "Hyxeix" {rElec rPois Regen+ SInv}
rElec   +          Harm     .   c - +0 cloak
rCorr   .          Rampage  .   f - +0 pair of gloves
Will    +....                   (no boots)
Stlth   +++++.....              M - amulet of False Pretenses {RegenMP rPois}
HPRegen 1.83/turn               X - +4 ring of protection
MPRegen 0.61/turn               J - +6 ring of intelligence

@: on blink cooldown
A: fangs 3, regeneration 1, magic shield, antimagic bite, no potion heal 2
a: Renounce Religion, Wall Jump, Serpent's Lash, Heavenly Storm


You were on level 14 of the Dungeon.
You worshipped Wu Jian.
Wu Jian was exalted by your worship.
You visited 4 branches of the dungeon, and saw 23 of its levels.
You also visited: Gauntlet.

You collected 2330 gold pieces.
You spent 923 gold pieces at shops.

Inventory:

Hand Weapons
 a - a +8 quick blade of electrocution (weapon)
 b - the +6 hunting sling of Parude {flame, Drain Int+7 Dex+4}
   (You found it in a Gauntlet)

   Any ammunition fired from it burns those it strikes, dealing additional fire
   damage.
   Int:       It affects your intelligence (+7).
   Dex:       It affects your dexterity (+4).
   Drain:     It drains your maximum health when unequipped.
Missiles
 d - 35 poisoned darts (quivered)
 e - 3 curare-tipped darts
 u - 2 throwing nets
 U - 6 silver javelins
Armour
 c - a +0 cloak (worn)
 f - a +0 pair of gloves (worn)
 g - +3 steam dragon scales (worn)
 D - a +0 buckler (worn)
 W - the +2 helmet "Hyxeix" (worn) {rElec rPois Regen+ SInv}
   (You bought it in a shop on level 2 of the Orcish Mines)

   rElec:     It insulates you from electricity.
   rPois:     It protects you from poison.
   SInv:      It lets you see invisible.
   Regen:     It increases your rate of health regeneration.
Jewellery
 s - a ring of resist corrosion
 x - a ring of positive energy
 y - a ring of fire
 A - a ring of ice
 J - a +6 ring of intelligence (right hand)
 M - the amulet of False Pretenses (around neck) {RegenMP rPois}
   (You acquired it on level 1 of the Dungeon)

   [amulet of magic regeneration]

   It increases your rate of magic regeneration.
   rPois:     It protects you from poison.
 O - a ring of willpower
 R - a ring of flight
 X - a +4 ring of protection (left hand)
Wands
 j - a wand of mindburst (2)
 m - a wand of acid (6) {@v1}
 n - a wand of paralysis (13)
 p - a wand of flame (17)
 H - a wand of polymorph (2)
 I - a wand of charming (8)
 Z - a wand of digging (8) {@v3}
Scrolls
 l - 4 scrolls of identify {@r1}
 E - a scroll of brand weapon
 G - a scroll of fog
 K - 4 scrolls of teleportation {@r3}
 L - a scroll of blinking {@r4}
 P - 2 scrolls of fear
 Q - a scroll of amnesia
 S - 3 scrolls of vulnerability
Potions
 h - 4 potions of cancellation
 i - 3 potions of lignification
 k - 5 potions of flight
 o - 2 potions of brilliance
 r - 2 potions of invisibility
 t - 3 potions of mutation
 v - a potion of resistance {@q5}
 w - 9 potions of curing {@q1}
 z - 6 potions of attraction
 B - 2 potions of haste {@q4}
 C - 9 potions of ambrosia
 F - a potion of might {@q3}
 Y - 2 potions of magic
Miscellaneous
 q - a phantom mirror
 T - a lightning rod (4/4)
 V - a phial of floods


   Skills:
 - Level 9.2 Fighting
 - Level 10.0 Short Blades
 - Level 3.0 Throwing
 - Level 2.0 Armour
 - Level 7.0 Dodging
 - Level 11.3 Stealth
 + Level 2.1 Shields
 - Level 9.7 Spellcasting
 - Level 6.0 Conjurations
 - Level 10.0 Summonings
 - Level 3.0 Translocations
 - Level 4.0 Transmutations
 - Level 10.0 Air Magic
 - Level 8.0 Earth Magic
 - Level 6.0 Evocations


You had 6 spell levels left.
You knew the following spells:

 Your Spells              Type           Power      Damage    Failure   Level
a - Passwall              Tmut/Erth      26%        N/A       1%          2
b - Airstrike             Air            23%        N/A       1%          4
c - Summon Lightning Spi  Summ/Air       47%        N/A       1%          4
d - Swiftness             Air            47%        N/A       1%          3
e - Static Discharge      Conj/Air       39%        N/A       1%          2
f - Stone Arrow           Conj/Erth      70%        3d11      1%          3
g - Blink                 Tloc           40%        N/A       4%          2
h - Lee's Rapid Deconstr  Erth           19%        3d12*     11%         5
i - Wereblood             Tmut           24%        N/A       3%          2

Your spell library contained the following spells:

 Spells                   Type           Power      Damage    Failure   Level
 Sandblast                Erth           78%        2d17      1%          1
 Shock                    Conj/Air       100%       1d9       1%          1
 Freeze                   Ice            36%        1d6       10%         1
 Lightning Bolt           Conj/Air       19%        1d34      11%         5
 Ensorcelled Hibernation  Hex/Ice        18%        N/A       16%         2
 Sublimation of Blood     Necr           9%         N/A       16%         2
 Iskenderun's Mystic Bla  Conj/Tloc      26%        2d7       16%         4
 Fulminant Prism          Conj/Hex       10%        3d9       28%         4
 Hailstorm                Conj/Ice       20%        3d6       28%         4
 Sticky Flame             Conj/Fire      20%        2d4       28%         4
 Frozen Ramparts          Ice            18%        1d3       30%         3
 Inner Flame              Hex/Fire       9%         N/A       30%         3
 Cause Fear               Hex            4%         N/A       69%         4
 Dispel Undead            Necr           9%         3d8       69%         4
 Dispersal                Tloc           10%        N/A       99%         6
 Summon Hydra             Summ           23%        N/A       80%         7
 Discord                  Hex            4%         N/A       100%        8
 Disjunction              Tloc           10%        N/A       100%        8
 Chain Lightning          Conj/Air       19%        3d26      100%        9
 Fire Storm               Conj/Fire      10%        8d3       100%        9
 Shatter                  Erth           19%        3d18*     100%        9


Dungeon Overview and Level Annotations

Branches:
Dungeon (14/15)            Temple (1/1) D:6            Lair (6/6) D:10
  Swamp (0/4) Lair:2       Spider (0/4) Lair:4        Slime (0/5) Lair:5
    Orc (2/2) D:10            Elf (0/3) Orc:2       Gauntlet (visited)
 Vaults: D:13-14

Altars:
Ashenzari
Cheibriados
Dithmenos
Elyvilon
Fedhas
Gozag
Hepliaklqana
Kikubaaqudgha
Makhleb
Nemelex Xobeh
Okawaru
Qazlal
Ru
Sif Muna
Trog
Uskayaw
Vehumet
Wu Jian
Xom
Yredelemnul
Zin
The Shining One
Beogh

Shops:
D:1 ?   Orc:2 [:*

Portals:
Pandemonium: Orc:2

Annotations:
D:7 3 runed translucent doors, royokou's ghost, amateur DgCj
D:14 6 transporters
Lair:1 exclusion: door
Lair:5 exclusion: 4 oklob plants


Innate Abilities, Weirdness & Mutations

You have razor-sharp teeth.
Your natural rate of healing is unusually fast.
When hurt, damage is shared between your health and your magic reserves.
Your bite disrupts and absorbs the magic of your enemies.
Potions cannot restore your health.


Message History

You bite the centaur warrior simulacrum.
You drain its power.
The centaur warrior simulacrum is moderately damaged.
You hit the centaur warrior simulacrum.
The centaur warrior simulacrum is moderately damaged.
You hit the centaur warrior simulacrum.
You bite the centaur warrior simulacrum!
You drain its power.
The centaur warrior simulacrum is severely damaged.
The centaur warrior simulacrum hits you!
The centaur warrior simulacrum freezes you!!
The centaur warrior simulacrum kicks you.
The centaur warrior simulacrum freezes you!!
* * * LOW HITPOINT WARNING * * *
Casting: Passwall (safe; 1% risk of failure)
Confirm with . or Enter, or press ? or * to list all spells.
Okay, then.
Casting: Passwall (safe; 1% risk of failure)
Confirm with . or Enter, or press ? or * to list all spells.
You blink.
The centaur warrior simulacrum hits you but does no damage.
The centaur warrior simulacrum kicks you.
* * * LOW HITPOINT WARNING * * *
The centaur warrior simulacrum freezes you!!
* * * LOW HITPOINT WARNING * * *
Okay, then.
Okay, then.
Casting: Blink (safe; 4% risk of failure)
Confirm with . or Enter, or press ? or * to list all spells.
Okay, then.
Okay, then.
Okay, then.
Aiming: Charm
Press: ? - help, Shift-Dir - straight line, f - centaur warrior simulacrum
Aim: a centaur warrior simulacrum (severely damaged, chance to affect: 70%)
The centaur warrior simulacrum struggles to resist.
The centaur warrior simulacrum hits you.
* * * LOW HITPOINT WARNING * * *
The centaur warrior simulacrum freezes you!!
You die...

#...)..# #...................
#......#####<..........####'#+#
#..>...................#.......
###....................#.......
#....................#.......
#......########......#.......
#......#......#...$..####....
#......#......#.........#....
#......#..§Z@.+.........#....
#......#......#.........#....
#......#..?...#.........#....
#####......#......#.........#....
...........####+###.........###.[
.............. ....H...... #..
.............. #.. ..............
#.. .............. #..


You could see a centaur warrior simulacrum.

Vanquished Creatures
  Rupert (Orc:2)
  An orc warlord (Orc:2)
  Nessos (D:13)
  A minotaur (Gauntlet)
  Snorg (D:13)
  A hell beast (Gauntlet)
  6 hydras
  2 demonspawn (Orc:2)
  4 catoblepae
  2 boulder beetles
  2 centaur warriors
  Erica (Lair:2)
  9 death yaks
  2 two-headed ogres
  4 orc high priests (Orc:2)
  A soul eater (Orc:2)
  Nergalle (Lair:4)
  Sonja (D:13)
  A fire crab (Lair:1)
  An orange crystal statue (D:12)
  The ghost of SoEpicPie the Chopper, a novice DDFi of Nemelex Xobeh (Orc:1)
  4 orc knights (Orc:2)
  A lindwurm (Lair:4)
  Pikel (D:7)
  A deep elf pyromancer (D:13)
  An ugly thing (D:8)
  2 manticores (Lair:6)
  2 cyclopes
  8 orc sorcerers (Orc:2)
  16 elephants
  7 black mambas
  An orange demon (Orc:2)
  2 gargoyles
  2 torpor snails
  16 cane toads
  A kobold demonologist (D:11)
  A rime drake (Lair:4)
  10 komodo dragons
  2 hellwings (Orc:2)
  2 tengu conjurers (D:14)
  3 meliai (Lair:4)
  6 polar bears
  5 trolls
  A queen bee (Lair:4)
  2 hornets
  5 dream sheep (Lair:4)
  A vampire (D:9)
  3 wraiths
  56 yaks
  8 wyverns
  A shadow (D:11)
  2 fire elementals (Orc:2)
  5 small abominations (Gauntlet)
  9 basilisks
  Grum (D:9)
  2 steam dragons (D:7)
  2 large abominations (Gauntlet)
  2 swamp worms (Lair:2)
  A warg (Orc:1)
  16 water moccasins
  4 hell hounds
  A sky beast (D:8)
  28 orc warriors
  An ice beast (D:6)
  2 black bears
  3 wolves
  6 ogres
  14 centaurs
  A lemure (D:7)
  4 kobold brigands
  A necrophage (D:5)
  14 bullfrogs
  2 scorpions (D:5)
  7 wights (D:8)
  53 killer bees
  5 electric eels
  6 howler monkeys
  2 lava snakes (D:12)
  6 hounds
  A gnoll shaman (D:7)
  25 orc priests
  Crazy Yiuf (D:3)
  2 jellies (D:5)
  3 iguanas
  Jessica (D:2)
  Terence (D:2)
  Natasha (thrice) (D:2)
  21 orc wizards
  A hell rat (Lair:4)
  3 gnolls (D:7)
  2 river rats (D:6)
  9 adders
  4 white imps
  5 worms
  3 dart slugs
  98 orcs
  8 ball pythons
  5 endoplasms
  16 giant cockroaches
  7 goblins
  7 hobgoblins
  6 jackals
  A quokka (D:3)
  8 bats
  2 frilled lizards (D:3)
  16 kobolds
  5 rats
679 creatures vanquished.

Vanquished Creatures (collateral kills)
  Azrael (Orc:2)
  An ettin (Orc:1)
  A hydra (Lair:4)
  A death yak (Lair:6)
  Urug (Orc:2)
  An orc knight (Orc:2)
  An orc sorcerer (Orc:2)
  2 elephants
  A black mamba (Lair:6)
  3 yaks (Lair:6)
  A basilisk (Lair:4)
  A redback (Lair:4)
  3 orc warriors (Orc:2)
  3 killer bees (Lair:4)
  3 orc priests (Orc:2)
  8 orcs (Orc:2)
32 creatures vanquished.

Vanquished Creatures (others)
  An orc (Orc:2)
  52 fungi
  99 plants
152 creatures vanquished.

Grand Total: 863 creatures vanquished

Notes
Turn   | Place    | Note
-------+----------+-------------------------------------------
     0 | D:1      | iguanaiguana the Vine Stalker Brigand began the quest for
                  | the Orb.
     0 | D:1      | Reached XP level 1. HP: 11/11 MP: 2/2
   489 | D:1      | Reached XP level 2. HP: 15/15 MP: 3/3
   575 | D:1      | Found Vyibet's Magic Scroll Emporium.
   779 | D:1      | Found a faded altar of an unknown god.
  1177 | D:1      | Reached XP level 3. HP: 15/18 MP: 4/4
  1312 | D:2      | HP: 1/27 [poisoned by an adder]
  1599 | D:2      | Noticed Terence
  1608 | D:2      | Killed Terence
  1609 | D:2      | Gained mutation: Your natural rate of healing is unusually
                  | fast. [Vine Stalker growth]
  1609 | D:2      | Reached XP level 4. HP: 18/23 MP: 3/5
  2105 | D:2      | Noticed Jessica
  2190 | D:2      | Killed Jessica
  2191 | D:2      | Reached XP level 5. HP: 11/26 MP: 4/6
  2252 | D:2      | Noticed Natasha
  2266 | D:2      | Killed Natasha
  2267 | D:2      | Reached skill level 5 in Short Blades
  2314 | D:2      | You fall into a shaft and drop 2 floors!
  3036 | D:3      | Found an iron altar of Okawaru.
  3037 | D:3      | Found a blossoming altar of Fedhas.
  3038 | D:3      | Found a glowing silver altar of Zin.
  3129 | D:3      | Reached XP level 6. HP: 28/30 MP: 5/7
  3350 | D:3      | Found a runed translucent door.
  3351 | D:3      | Noticed Crazy Yiuf
  3812 | D:2      | Noticed Natasha
  3830 | D:2      | Killed Natasha
  3867 | D:2      | Noticed Natasha
  3880 | D:2      | Killed Natasha
  4628 | D:4      | Reached XP level 7. HP: 35/35 MP: 6/8
  5052 | D:5      | Entered Level 5 of the Dungeon
  5066 | D:5      | Reached skill level 1 in Armour
  5124 | D:5      | Reached skill level 1 in Dodging
  5317 | D:5      | Gained mutation: You have razor-sharp teeth. [Vine Stalker
                  | growth]
  5317 | D:5      | Reached XP level 8. HP: 38/40 MP: 9/9
  5805 | D:6      | Found a staircase to the Ecumenical Temple.
  5870 | Temple   | Entered the Ecumenical Temple
  5927 | Temple   | Became a worshipper of the Wu Jian Council
  6773 | D:6      | Reached XP level 9. HP: 44/44 MP: 10/10
  7034 | D:7      | Reached * piety under Wu Jian
  7249 | D:7      | Reached skill level 10 in Short Blades
  7285 | D:7      | Noticed a seven-headed hydra
  7286 | D:7      | Noticed Pikel
  7315 | D:8      | Reached skill level 1 in Earth Magic
  7753 | D:8      | Reached skill level 1 in Spellcasting
  7796 | D:8      | Reached skill level 1 in Transmutations
  7799 | D:8      | Learned a level 2 spell: Passwall
  7803 | D:8      | Learned a level 3 spell: Stone Arrow
  7999 | D:8      | Noticed a red ugly thing
  8118 | D:9      | Reached XP level 10. HP: 22/49 MP: 8/15
  8166 | D:9      | Reached skill level 1 in Conjurations
  8332 | D:9      | Noticed Grum
  8360 | D:9      | HP: 2/49 [Grum/+1 spear of freezing (6)]
  8484 | D:9      | Reached ** piety under Wu Jian
  8511 | D:9      | Killed Grum
  8512 | D:9      | Reached skill level 5 in Earth Magic
  9258 | D:9      | Found a glowing golden altar of the Shining One.
  9636 | D:10     | Entered Level 10 of the Dungeon
  9751 | D:10     | Reached skill level 5 in Conjurations
  9981 | D:10     | Found a staircase to the Lair.
 10173 | D:10     | Reached skill level 5 in Stealth
 10238 | D:10     | Upgraded the game from 0.29-a0-398-ge13fd1374b to
                  | 0.29-a0-409-gd843f3a48c
 10248 | D:10     | Reached *** piety under Wu Jian
 10282 | D:10     | Found a staircase to the Orcish Mines.
 10367 | D:10     | Reached skill level 6 in Stealth
 10624 | D:10     | Reached skill level 7 in Stealth
 10624 | D:10     | Reached XP level 11. HP: 48/52 MP: 4/16
 10883 | Lair:1   | Entered Level 1 of the Lair of Beasts
 10886 | Lair:1   | Reached skill level 8 in Stealth
 11078 | Lair:1   | Reached **** piety under Wu Jian
 11079 | Lair:1   | Reached skill level 9 in Stealth
 11357 | Lair:1   | Reached skill level 10 in Stealth
 11525 | Lair:1   | Identified the +5 rapier of Higeb {vorpal, Int+3}
 11827 | Lair:1   | Reached skill level 11 in Stealth
 11858 | Lair:1   | Noticed a five-headed hydra
 12160 | Lair:1   | Noticed a death yak
 12160 | Lair:1   | Noticed a death yak
 12210 | Lair:2   | Noticed Erica
 12501 | Lair:2   | Reached skill level 1 in Evocations
 12997 | D:1      | Bought a scroll of acquirement for 676 gold pieces
 12997 | D:1      | Acquired the amulet of False Pretenses {RegenMP rPois}
 13004 | D:1      | Acquired a +6 quick blade
 13199 | D:3      | Killed Crazy Yiuf
 13490 | D:7      | Found a runed translucent gate.
 13490 | D:7      | Found a runed translucent gate.
 13490 | D:7      | Found a runed translucent gate.
 13491 | D:7      | Noticed royokou's ghost (amateur DgCj)
 13644 | D:7      | Killed Pikel
 13781 | D:8      | Killed a red ugly thing
 13989 | D:11     | Reached skill level 5 in Evocations
 14263 | D:11     | Reached XP level 12. HP: 43/56 MP: 7/17
 14933 | Lair:1   | Killed a death yak
 14962 | Lair:1   | Killed a death yak
 15004 | Lair:1   | Noticed a dire elephant
 15004 | Lair:1   | Noticed an eight-headed hydra
 15377 | Lair:2   | Reached skill level 5 in Spellcasting
 15585 | Lair:2   | Reached skill level 5 in Fighting
 15793 | Lair:2   | Found a staircase to the Swamp.
 15866 | Lair:2   | Reached skill level 1 in Summonings
 15866 | Lair:2   | Reached skill level 1 in Air Magic
 15968 | Lair:2   | Killed Erica
 16126 | Lair:3   | Identified the +0 cloak of an ice cave {Harm rC+ Int+2}
 16196 | Lair:3   | Learned a level 2 spell: Static Discharge
 16250 | Lair:3   | Reached ***** piety under Wu Jian
 16339 | Lair:3   | Noticed a four-headed hydra
 16348 | Lair:3   | Killed a four-headed hydra
 16349 | Lair:3   | Reached XP level 13. HP: 35/64 MP: 19/23
 17047 | Lair:4   | Learned a level 3 spell: Swiftness
 17052 | Lair:4   | Learned a level 4 spell: Summon Lightning Spire
 17192 | Lair:4   | Reached skill level 5 in Summonings
 17209 | Lair:4   | Reached skill level 5 in Air Magic
 17711 | Lair:4   | Noticed Nergalle
 17742 | Lair:4   | Killed Nergalle
 18113 | Lair:4   | Found a hole to the Spider Nest.
 18980 | Lair:5   | Reached XP level 14. HP: 70/70 MP: 24/24
 19037 | Lair:5   | Found a staircase to the Slime Pits.
 19641 | Lair:6   | Entered Level 6 of the Lair of Beasts
 19897 | Lair:6   | Found a gate leading to a gauntlet.
 19905 | Gauntlet | Entered a Gauntlet
 19905 | Gauntlet | Found a transporter.
 19914 | Gauntlet | Found a transporter.
 19929 | Gauntlet | Found a transporter.
 19934 | Gauntlet | Found a transporter.
 19949 | Gauntlet | Found a transporter.
 19968 | Gauntlet | Found a transporter.
 19980 | Gauntlet | Found a transporter.
 19992 | Gauntlet | Found a transporter.
 20004 | Gauntlet | Found a transporter.
 20016 | Gauntlet | Found a transporter.
 20017 | Gauntlet | Found the +3 pair of seven-league boots {Rampage+∞}
 20022 | Gauntlet | Found a transporter.
 20022 | Gauntlet | Found a transporter.
 20061 | Gauntlet | Found a transporter.
 20063 | Gauntlet | Found a runed translucent gate.
 20063 | Gauntlet | Found a runed translucent gate.
 20063 | Gauntlet | Found a runed translucent gate.
 20066 | Gauntlet | Found a large runed translucent door.
 20066 | Gauntlet | Found a large runed translucent door.
 20066 | Gauntlet | Found a large runed translucent door.
 20066 | Gauntlet | Found a large runed translucent door.
 20069 | Gauntlet | Found a large runed translucent door.
 20069 | Gauntlet | Found a large runed translucent door.
 20070 | Gauntlet | Found a large runed translucent door.
 20070 | Gauntlet | Found a large runed translucent door.
 20073 | Gauntlet | Found a large runed translucent door.
 20073 | Gauntlet | Found a large runed translucent door.
 20073 | Gauntlet | Found a runed translucent door.
 20073 | Gauntlet | Found a runed translucent door.
 20074 | Gauntlet | Found a large runed translucent door.
 20075 | Gauntlet | Found a large runed translucent door.
 20084 | Gauntlet | Found a large runed translucent door.
 20084 | Gauntlet | Found a large runed translucent door.
 20085 | Gauntlet | Found a large runed translucent door.
 20086 | Gauntlet | Found a large runed translucent door.
 20088 | Gauntlet | Found a transporter.
 20088 | Gauntlet | Found a transporter.
 20108 | Gauntlet | Found a transporter.
 20186 | Gauntlet | Found a transporter.
 20206 | Gauntlet | Found a transporter.
 20611 | Gauntlet | Identified the ring of Viutoh {rElec rF- rCorr Int-2 SInv}
 20699 | Gauntlet | Identified the +6 hunting sling of Parude {flame, Drain
                  | Int+7 Dex+4}
 21196 | Lair:6   | Reached skill level 10 in Summonings
 21196 | Lair:6   | Reached skill level 10 in Air Magic
 21201 | Lair:6   | Learned a level 4 spell: Airstrike
 21388 | Lair:6   | Acquired the +2 hat of Servitude {Will++ Str-5 Int+6}
 21438 | Lair:6   | Reached ****** piety under Wu Jian
 22169 | Lair:6   | Got the Incunabulum of the Compass
 22177 | Lair:6   | Learned a level 2 spell: Blink
 22205 | Lair:6   | Upgraded the game from 0.29-a0-409-gd843f3a48c to
                  | 0.29-a0-416-g83a48905f1
 22414 | D:12     | Reached XP level 15. HP: 75/75 MP: 27/27
 22726 | D:12     | Reached skill level 1 in Translocations
 22948 | D:12     | Learned a level 5 spell: Lee's Rapid Deconstruction
 23459 | D:13     | Noticed Nessos
 23464 | D:13     | Killed Nessos
 23464 | D:13     | Reached skill level 5 in Dodging
 23961 | D:13     | Noticed Snorg
 23973 | D:13     | Killed Snorg
 23996 | D:13     | Noticed Sonja
 23997 | D:13     | Killed Sonja
 24107 | Orc:1    | Entered Level 1 of the Orcish Mines
 24138 | Orc:2    | Entered Level 2 of the Orcish Mines
 24253 | Orc:2    | Noticed Rupert
 24267 | Orc:2    | HP: 3/77 [Rupert/+4 vorpal great mace (11)]
 24271 | Orc:2    | Killed Rupert
 24465 | Orc:2    | Found a staircase to the Elven Halls.
 24762 | Orc:2    | Noticed Azrael
 24772 | Orc:2    | Killed Azrael
 24915 | Orc:2    | Found Seagalap's General Store.
 25044 | Orc:2    | Noticed Urug
 25059 | Orc:2    | Killed Urug
 25144 | Orc:1    | Learned a level 2 spell: Wereblood
 25410 | Orc:2    | Found Fueluceg's General Store.
 25622 | Orc:2    | Noticed an orc warlord
 25627 | Orc:2    | Killed an orc warlord
 25908 | Orc:2    | Found Uloics's Book Boutique.
 25908 | Orc:2    | Found a one-way gate leading to the halls of Pandemonium.
 25908 | Orc:2    | Found Laexaub's Antique Armour Shop.
 25914 | Orc:2    | Bought a shimmering helmet for 247 gold pieces
 25914 | Orc:2    | Identified the +2 helmet "Hyxeix" {rElec rPois Regen+ SInv}
                  | (You bought it in a shop on level 2 of the Orcish Mines)
 26078 | Orc:1    | Found a large runed translucent door.
 26079 | Orc:1    | Found a large runed translucent door.
 26080 | Orc:1    | Noticed SoEpicPie's ghost (novice DDFi)
 26182 | Orc:1    | Killed SoEpicPie's ghost
 26195 | Orc:1    | Identified the +0 cloak of Howling Wind {Harm rF- Int+2
                  | SInv}
 26346 | D:14     | Found a stormy altar of Qazlal.
 26398 | D:14     | Found a transporter.
 26401 | D:14     | Found a transporter.
 26435 | D:14     | Found a transporter.
 26450 | D:14     | Found a transporter.
 26469 | D:14     | Reached skill level 1 in Shields
 26555 | D:14     | Found a transporter.
 26561 | D:14     | Found a transporter.
 26623 | D:14     | Mangled by a centaur warrior simulacrum

Illustrated notes

Levels and vault maps discovered:
D:1:      evilmike_arrival_rings, layout_rooms,
          hellmonk_ecumenical_altar_defaced_shrine, serial_shops,
          nicolae_shop_stone, minmay_quantized
D:2:      minmay_roachtagon, layout_basic, serial_bayou, serial_bayou_pond_d,
          serial_bayou_lake_a, serial_bayou_pond_c, serial_bayou_ford_a,
          item_on_display_b, uniq_natasha, uniq_terence, uniq_jessica
D:3:      layout_basic, chequers_temple_overflow_statue_of_worship,
          uniq_crazy_yiuf_cottage
D:4:      layout_loops_ring, hangedman_abyss_or_decor_jellyfish_corner
D:5:      layout_rooms, minmay_misc_feat_cross, interstate_on_off,
          minmay_starry_boxes
D:6:      layout_basic, minmay_temple_entry_statues, portal_sewer_entry_e
D:7:      layout_rooms, gammafunk_ghost_nasty_kobolds, lightli_minifort,
          uniq_pikel
D:8:      layout_loops_cross, kennysheep_just_a_vault
D:9:      layout_stronghold, lemuel_coloured_pillars_altar,
          hangedman_decor_riveting, nicolae_elevator_lobby_asterisk, uniq_grum
D:10:     layout_roguey, dpeg_oklobed_lair, special_room [special_room_orc],
          dk_noncrumbling_3
D:11:     layout_roguey
D:12:     layout_basic, disabler_island
D:13:     layout_roguey, nrook_loot_triangle, uniq_sonja, uniq_nessos,
          uniq_snorg
D:14:     layout_irregular_city, david_vaults_1, grunt_qazlal_clouds,
          serial_nicolae_subway, nicolae_sub_station_crystal,
          nicolae_sub_station_metal, nicolae_sub_station_stone
Temple:   compressed_dpeg_circular_temple
Lair:1:   layout_chaotic_city, nicolae_quartered_pool_super, minivault_26,
          nicolae_lair_lakeside_cave
Lair:2:   layout_hall_layers, minmay_swamp_entry_worms, uniq_erica
Lair:3:   layout_cave_shapes, wad_woods_river_01, serial_bayou_shore_b,
          infiniplex_staircase_pool
Lair:4:   regret_index_wax_grids, layout_gridlike, spider_nest_entry_rubble,
          cheibrodos_lair_lostbears, uniq_nergalle
Lair:5:   layout_loops_ring, minmay_slime_entry_oklob_open,
          serial_bayou_shore_b, grunt_megastairs_2
Lair:6:   evilmike_catoblepas_cave, layout_regular_city, gauntlet_entry_generic,
          kennysheep_basilisk_garden
Orc:1:    layout_diamond_mine, ebering_ghost_disaster_area
Orc:2:    pf_orc_diabolical, layout_diamond_mine, uniq_azrael, uniq_urug,
          uniq_rupert

Skill      XL: |  1  2  3  4  5  6  7  8  9 10 11 12 13 14 15 |
---------------+----------------------------------------------+-----
Short Blades   | 2 3 4 5 6 8 10 | 10.0
Throwing       | 3 |  3.0
Fighting       | 2 3 5 6 7 9 |  9.2
Armour         | 2 |  2.0
Dodging        | 3 4 7 |  7.0
Earth Magic    | 4 6 8 |  8.0
Spellcasting   | 3 6 7 9 |  9.7
Transmutations | 3 4 |  4.0
Conjurations   | 6 |  6.0
Stealth        | 7 11 | 11.3
Evocations     | 5 6 |  6.0
Summonings     | 3 8 10 | 10.0
Air Magic      | 3 8 10 | 10.0
Translocations | 3 |  3.0
Shields        | 2 |  2.1

Action                   |  1- 3 |  4- 6 |  7- 9 | 10-12 | 13-15 || total
-------------------------+-------+-------+-------+-------+-------++-------
Melee: Dagger            |    76 |   133 |    33 |   253 |       ||   495
       Bite              |     7 |    54 |    88 |   184 |   536 ||   869
       Punch             |     1 |       |     3 |     7 |    22 ||    33
       Rapier            |       |    66 |   297 |   176 |       ||   539
       Quick blade       |       |       |       |   216 |  1315 ||  1531
Throw: Dart              |     2 |    33 |    16 |    76 |    34 ||   161
 Cast: Stone Arrow       |       |       |       |   110 |    30 ||   140
       Passwall          |       |       |       |    18 |    18 ||    36
       Static Discharge  |       |       |       |     6 |    18 ||    24
       Summon Lightning  |       |       |       |       |    53 ||    53
       Airstrike         |       |       |       |       |    15 ||    15
       Swiftness         |       |       |       |       |     1 ||     1
       Wereblood         |       |       |       |       |     9 ||     9
       Lee's Rapid Decon |       |       |       |       |     6 ||     6
       Blink             |       |       |       |       |     5 ||     5
Invok: Lunge             |       |       |    19 |    41 |   104 ||   164
       Whirlwind         |       |       |       |    13 |    79 ||    92
       Serpent's Lash    |       |       |       |       |     8 ||     8
 Abil: Wall Jump         |       |       |       |     6 |       ||     6
Evoke: Wand              |       |     2 |       |    28 |    21 ||    51
       Phantom mirror    |       |       |       |     1 |     3 ||     4
       Phial of floods   |       |       |       |       |     1 ||     1
  Use: Potion            |     3 |       |     1 |       |     3 ||     7
       Scroll            |       |     4 |     3 |    11 |    20 ||    38
 Stab: Sleeping          |     2 |     3 |    13 |    20 |    38 ||    76
       Distracted        |       |     1 |     1 |     2 |    18 ||    22
       Paralysed         |       |       |       |     2 |       ||     2
       Invisible         |       |       |       |       |     2 ||     2
Armor: Robe              |     3 |       |       |       |       ||     3
       Leather armour    |    17 |    52 |    23 |       |       ||    92
       Skin              |     9 |       |    40 |       |       ||    49
       Ring mail         |       |       |    31 |    99 |       ||   130
       Steam dragon scal |       |       |       |    15 |   165 ||   180
Dodge: Dodged            |    32 |   104 |   116 |   239 |   284 ||   775

Table legend: (Time is in decaauts)
 A = Elapsed time spent in this place.
 B = Non-inter-level travel time spent in this place.
 C = Inter-level travel time spent in this place.
 D = Time resting spent in this place.
 E = Time spent auto-exploring this place.
 F = Levels seen in this place.
 G = Mean time per level.
                   A        B        C        D        E       F      G
               +--------+--------+--------+--------+--------+-----+--------+
         Total |  25775 |  21664 |   4111 |   1410 |  13980 |  24 | 1074.0 |
       Dungeon |  14584 |  12400 |   2184 |    750 |   8775 |  14 | 1041.7 |
        Temple |     81 |     40 |     41 |      0 |     29 |   1 |   81.0 |
          Lair |   8366 |   6942 |   1424 |    471 |   4069 |   6 | 1394.3 |
  Orcish Mines |   1998 |   1536 |    462 |    120 |    813 |   2 |  999.0 |
      Gauntlet |    743 |    743 |      0 |     69 |    293 |   1 |  743.0 |
               +--------+--------+--------+--------+--------+-----+--------+

Top non-repeatable levels by time:
  Lair:1: 1730 daAuts
  Lair:4: 1687 daAuts
     D:3: 1624 daAuts
  Lair:6: 1619 daAuts
     D:1: 1599 daAuts
     D:9: 1583 daAuts
   Orc:2: 1528 daAuts
  Lair:2: 1518 daAuts
     D:2: 1380 daAuts
    D:10: 1345 daAuts
     D:6: 1077 daAuts
    D:12: 1063 daAuts
  Lair:3: 969 daAuts
     D:4: 873 daAuts
  Lair:5: 841 daAuts
